 Dungeon Crawl Stone Soup version 0.20.0-15-g7f486f2 (webtiles) character file.

14473 vishdafish the Gargoyle Cataclysm (level 12, -3/75 HPs)
             Began as a Gargoyle Fighter on June 26, 2017.
             Was a High Priest of Qazlal.
             Killed by the air
             ... invoked by Gastronok
              (34 damage)
             ... on level 12 of the Dungeon.
             The game lasted 00:28:25 (11303 turns).

vishdafish the Gargoyle Cataclysm (GrFi)           Turns: 11303, Time: 00:28:26

Health: -3/75      AC: 20    Str: 28      XL:     12   Next: 16%
Magic:  19/19      EV: 11    Int: 11 (12) God:    Qazlal [*****.]
Gold:   892        SH: 23    Dex: 11      Spells: 11/11 levels left

rFire    . . .     SeeInvis .   L - +5 flail (freeze)
rCold    . . .     Gourm    .   c - +0 shield
rNeg     + . .     Faith    .   b - +0 scale mail
rPois    ∞         Spirit   .   (no helmet)
rElec    +         Reflect  .   r - +1 cloak
rCorr    .         Harm     .   O - +0 pair of gloves
MR       .....     Clarity  +   (no boots)
Stlth    ..........             (no amulet)
Regen    0.3/turn               x - +6 ring of strength
MPRegen  0.2/turn               (no ring)

@: drained, repel missiles
A: large bone plates 1, clarity, clever 1, deterioration 1, negative energy
resistance 1, screaming 1, electricity resistance, unbreathing, petrification
resistance, rot immunity, MP-powered wands, AC +8
a: Upheaval, Elemental Force, Disaster Area, Renounce Religion


You were on level 12 of the Dungeon.
You worshipped Qazlal.
Qazlal was extremely pleased with you.
You were not hungry.

You visited 2 branches of the dungeon, and saw 13 of its levels.
You also visited: Ossuary.

You collected 892 gold pieces.

Inventory:

Hand Weapons
 L - a +5 flail of freezing (weapon)
Armour
 b - a +0 scale mail (worn)
 c - a +0 shield (worn)
 n - a +0 helmet
 r - a +1 cloak (worn)
 O - a +0 pair of gloves (worn)
Jewellery
 x - a +6 ring of strength (left hand)
Wands
 a - a wand of flame (21/48)
 g - a wand of lightning (2/15)
 s - a wand of polymorph (11/24)
 A - a wand of paralysis (12/24)
 N - a wand of random effects (18/48)
Scrolls
 j - a scroll of holy word {unknown}
 k - 2 scrolls of immolation {unknown}
 l - 5 scrolls of teleportation
 o - 3 scrolls of fog {unknown}
 q - 3 scrolls of blinking {unknown}
 u - 7 scrolls of remove curse
 w - a scroll of identify
 y - a scroll of random uselessness {unknown}
 z - 2 scrolls of fear {unknown}
 B - a scroll of recharging {unknown}
 E - a scroll of amnesia {unknown}
 J - 2 scrolls of magic mapping {unknown}
 M - 2 scrolls of enchant armour {unknown}
Potions
 d - a potion of might
 e - a potion of resistance
 f - 4 potions of curing
 h - 3 potions of flight
 t - a potion of ambrosia {unknown}
 v - 2 potions of agility
 C - a potion of invisibility
 G - 2 potions of brilliance
 H - a potion of magic {unknown}
 I - 3 potions of heal wounds {unknown}
Books
 p - a book of Misfortune

   Spells                             Type                      Level
   a - Confusing Touch                Hexes                        1
   b - Confuse                        Hexes                        3
   c - Gell's Gravitas                Translocation                3
   d - Petrify                        Transmutation/Earth          4
   e - Metabolic Englaciation         Hexes/Ice                    5
   f - Yara's Violent Unravelling     Hexes/Transmutation          5
 F - a book of Changes

   Spells                             Type                      Level
   a - Beastly Appendage              Transmutation                1
   b - Sticks to Snakes               Transmutation                2
   c - Spider Form                    Transmutation/Poison         3
   d - Ice Form                       Ice/Transmutation            4
   e - Blade Hands                    Transmutation                5
Comestibles
 i - 8 royal jellies
 m - 10 fruits
 D - 3 meat rations
 K - 4 bread rations


   Skills:
 + Level 8.4(8.3) Fighting
 * Level 9.9(9.8) Maces & Flails
 + Level 8.4(8.3) Armour
 + Level 5.8 Dodging
 + Level 8.4(8.3) Shields
 * Level 10.1(10.0) Invocations


You had 11 spell levels left.
You didn't know any spells.

Dungeon Overview and Level Annotations

Branches:
Dungeon (12/15)            Temple (1/1) D:4            Lair (0/6) D:8
    Orc (0/2) D:9

Altars:
Ashenzari
Cheibriados
Dithmenos
Elyvilon
Fedhas
Gozag
Hepliaklqana
Kikubaaqudgha
Makhleb
Nemelex Xobeh
Okawaru
Qazlal
Ru
Sif Muna
Trog
Uskayaw
Vehumet
Xom
Yredelemnul
Zin
The Shining One

Shops:
D:5 ?   D:9 (   D:12 }

Portals:
Trove: D:11 (show slimy rune of Zot)

Annotations:
D:12 Gastronok


Innate Abilities, Weirdness & Mutations

You are resistant to torment.
Your stone body is resilient. (AC +8)
You are immune to poison.
You resist negative energy. (rN+)
You are resistant to electric shocks. (rElec)
You can survive without breathing.
You are immune to petrification.
You are immune to rotting.
You are partially covered in large bone plates. (SH +4)
You possess an exceptional clarity of mind.
Your mind is acute. (Int +2)
Your body sometimes deteriorates upon taking damage.
You occasionally shout uncontrollably at your foes.
You expend magic power (3 MP) to strengthen your wands.


Message History

You sock Gastronok! You freeze Gastronok.
Gastronok is moderately wounded.
You hit Gastronok. You freeze Gastronok.
Gastronok is moderately wounded.
Gastronok is engulfed in freezing vapours.
Gastronok bites you!
Your body deteriorates!
You feel dopey.
You sock Gastronok! You freeze Gastronok!
Gastronok is severely wounded.
You sock Gastronok! You freeze Gastronok.
Gastronok is severely wounded.
Gastronok makes a strange noise.
You block Gastronok's attack.
You hit Gastronok. You freeze Gastronok.
Gastronok is severely wounded.
You sock Gastronok! You freeze Gastronok.
Gastronok is almost dead.
Gastronok waves his eye-stalks in wide circles.
The air twists around and strikes you!
You die...

#........
#....∩...
#.......#
#.......#
####.......#
#.......§§.#
#........w.# .##+
#.......#@##.....
#.......#§§§.....
#.......§........
#.......#........
####....######...
#.........# .:
##........# .
#........#
#........#


You could see Gastronok.

Vanquished Creatures
  A hydra (D:11)
  4 two-headed ogres
  2 unseen horrors
  3 cyclopes
  3 trolls (D:10)
  A hornet (D:9)
  Grinder (D:3)
  4 hippogriffs (D:10)
  6 yaks (D:8)
  Menkaure (D:4)
  The ghost of pib the Vandal, an amateur HaHu of Trog (D:5)
  A hungry ghost (D:7)
  An acid dragon (D:11)
  8 orc warriors
  7 sky beasts
  7 ice beasts
  3 black bears
  A phantom (D:4)
  2 necrophages (D:8)
  6 ogres
  A centaur (D:7)
  A big kobold (D:9)
  2 elf zombies (Ossuary)
  A wyvern zombie (D:9)
  5 bullfrogs
  A scorpion (D:4)
  3 killer bees (D:10)
  4 wights (D:9)
  A howler monkey (D:12)
  5 crimson imps
  A bullfrog zombie (D:8)
  2 quasits
  3 centaur zombies
  3 hounds
  3 jellies
  6 orc priests
  2 centaur skeletons
  11 orc wizards
  A bullfrog skeleton (D:8)
  Crazy Yiuf (D:2)
  Ijyb (D:3)
  6 worker ants
  2 big kobold zombies (Ossuary)
  2 hound zombies
  2 mummies (Ossuary)
  A hound skeleton (D:4)
  Robin (D:2)
  4 worker ant zombies
  12 adders
  8 gnolls
  A shadow imp (D:7)
  2 oozes
  An adder zombie (Ossuary)
  An adder skeleton (D:7)
  A worm (D:3)
  2 dart slugs
  4 leopard geckos
  49 orcs
  A ball python (D:1)
  4 giant cockroaches
  16 goblins
  9 hobgoblins
  16 jackals
  4 quokkas
  11 bats
  3 frilled lizards
  A goblin zombie (Ossuary)
  11 hobgoblin zombies (Ossuary)
  A jackal zombie (Ossuary)
  12 kobolds
  9 kobold zombies (Ossuary)
  7 orc zombies (Ossuary)
  A quokka zombie (D:5)
  7 rats
  2 rat zombies (Ossuary)
  A plant (D:8)
336 creatures vanquished.

Vanquished Creatures (others)
  A worker ant (D:11)
1 creature vanquished.

Grand Total: 337 creatures vanquished

Notes
Turn   | Place    | Note
-------+----------+-------------------------------------------
     0 | D:1      | vishdafish the Gargoyle Fighter began the quest for the Orb.
     0 | D:1      | Reached XP level 1. HP: 14/14 MP: 1/1
   121 | D:1      | Reached XP level 2. HP: 16/19 MP: 2/2
   749 | D:1      | Reached XP level 3. HP: 18/23 MP: 3/3
  1428 | D:2      | Reached XP level 4. HP: 22/29 MP: 4/4
  1461 | D:2      | Reached skill level 1 in Dodging
  1561 | D:2      | Found a runed door.
  1565 | D:2      | Noticed Crazy Yiuf
  1569 | D:2      | Killed Crazy Yiuf
  1758 | D:2      | Found a glowing silver altar of Zin.
  1932 | D:3      | Noticed Ijyb
  1952 | D:3      | Killed Ijyb
  1952 | D:3      | Reached XP level 5. HP: 24/33 MP: 5/5
  2332 | D:3      | Found an iron altar of Okawaru.
  2597 | D:3      | Found a radiant altar of Vehumet.
  2731 | D:3      | Noticed Robin
  2732 | D:3      | Noticed Grinder
  2901 | D:2      | Killed Robin
  3085 | D:3      | Paralysed by Grinder for 3 turns
  3128 | D:3      | Killed Grinder
  3128 | D:3      | Reached XP level 6. HP: 15/39 MP: 6/6
  3413 | D:4      | Reached XP level 7. HP: 5/44 MP: 7/7
  3762 | D:4      | Found a staircase to the Ecumenical Temple.
  3776 | Temple   | Entered the Ecumenical Temple
  3976 | Temple   | Became a worshipper of Qazlal Stormbringer
  4394 | D:4      | Noticed Menkaure
  4402 | D:4      | Killed Menkaure
  4402 | D:4      | Reached skill level 5 in Armour
  4402 | D:4      | Reached skill level 1 in Invocations
  4647 | D:4      | Reached skill level 5 in Shields
  4717 | D:4      | Reached skill level 5 in Fighting
  4717 | D:4      | Reached skill level 2 in Invocations
  4717 | D:4      | Reached XP level 8. HP: 48/49 MP: 9/9
  4888 | D:5      | Entered Level 5 of the Dungeon
  4898 | D:5      | Reached skill level 5 in Maces & Flails
  4902 | D:5      | Found Fecaschof's Magic Scroll Shoppe.
  4939 | D:5      | Noticed pib's ghost (amateur HaHu)
  4959 | D:5      | Killed pib's ghost
  4978 | D:5      | You fall through a shaft!
  4982 | D:6      | Reached * piety under Qazlal
  4982 | D:6      | Reached skill level 3 in Invocations
  5010 | D:6      | Found a shimmering altar of Xom.
  5013 | D:6      | Found a shimmering altar of Xom.
  5013 | D:6      | Found a shimmering altar of Xom.
  5128 | D:6      | Found a shimmering altar of Xom.
  5128 | D:6      | Found a shimmering altar of Xom.
  5270 | D:6      | Found a sand-covered staircase.
  5279 | Ossuary  | Entered an ossuary
  5376 | Ossuary  | Reached ** piety under Qazlal
  5776 | D:6      | You fall through a shaft for 3 floors!
  5849 | D:9      | Reached skill level 4 in Invocations
  5849 | D:9      | Reached XP level 9. HP: 53/55 MP: 10/12
  6021 | D:9      | Found a hazy altar of Hepliaklqana.
  6023 | D:9      | Found a basalt altar of Yredelemnul.
  6204 | D:9      | Reached skill level 5 in Invocations
  6248 | D:9      | Reached *** piety under Qazlal
  6305 | D:8      | Noticed a two-headed ogre
  6319 | D:8      | Killed a two-headed ogre
  6562 | D:8      | Reached skill level 6 in Invocations
  6653 | D:8      | Reached XP level 10. HP: 58/61 MP: 14/14
  7040 | D:8      | Found a staircase to the Lair.
  7182 | D:8      | Reached **** piety under Qazlal
  7194 | D:8      | Gained mutation: You evolve. [potion of mutation]
  7194 | D:8      | Gained mutation: You have a pair of small antennae on your head. [potion of mutation]
  7194 | D:8      | Gained mutation: You are frail. (-10% HP) [potion of mutation]
  7194 | D:8      | Gained mutation: You possess an exceptional clarity of mind. [potion of mutation]
  7195 | D:8      | Gained mutation: You are dopey. (Int -2) [mutagenic meat]
  7196 | D:8      | Lost mutation: You are dopey. (Int -2) [mutagenic meat]
  7197 | D:8      | Gained mutation: You occasionally shout uncontrollably at your foes. [mutagenic meat]
  7229 | D:8      | Lost mutation: You are frail. (-10% HP) [evolution]
  7229 | D:8      | Lost mutation: You evolve. [end of evolution]
  7247 | D:8      | Reached skill level 7 in Invocations
  7251 | D:8      | Got a transparent amber ring
  7252 | D:8      | Identified the ring "Lazurph" {Ice -Tele Str+6 Dex-2} (You took it off an orc warrior on level 8 of the Dungeon)
  7367 | D:8      | Gained mutation: You are frail. (-10% HP) [mutagenic meat]
  7368 | D:8      | Lost mutation: You are frail. (-10% HP) [mutagenic meat]
  7369 | D:8      | Gained mutation: You expend magic power (3 MP) to strengthen your wands. [mutagenic meat]
  7370 | D:8      | Gained mutation: You are partially covered in large bone plates. (SH +4) [mutagenic meat]
  7410 | D:8      | Noticed a two-headed ogre
  7424 | D:8      | HP: 1/61 [two-headed ogre/giant club (8)]
  7426 | D:8      | Killed a two-headed ogre
  8002 | D:7      | Found an opulent altar of Gozag.
  8851 | D:9      | Reached ***** piety under Qazlal
  8899 | D:9      | Found a staircase to the Orcish Mines.
  8899 | D:9      | Found Beotekae's Weapon Boutique.
  8903 | D:9      | Reached XP level 11. HP: 60/67 MP: 16/16
  9250 | D:9      | Noticed a two-headed ogre
  9258 | D:9      | Killed a two-headed ogre
  9258 | D:9      | Reached skill level 5 in Dodging
  9258 | D:9      | Reached skill level 8 in Invocations
  9361 | D:10     | Entered Level 10 of the Dungeon
  9524 | D:10     | Noticed a two-headed ogre
  9540 | D:10     | Killed a two-headed ogre
  9736 | D:10     | Noticed a cyclops
  9806 | D:10     | Killed a cyclops
  9998 | D:10     | Killed an unseen horror
  9998 | D:10     | Reached skill level 9 in Invocations
 10145 | D:10     | Gained mutation: Your body sometimes deteriorates upon taking damage. [mutagenic meat]
 10146 | D:10     | Gained mutation: Your mind is acute. (Int +2) [mutagenic meat]
 10147 | D:10     | Lost mutation: You have a pair of small antennae on your head. [mutagenic meat]
 10503 | D:11     | Killed an unseen horror
 10757 | D:11     | Got a flickering silver ring
 10758 | D:11     | Identified the ring of Ecveceg {*Tele *Drain rC+ Str+9 Int-3} (You found it on level 11 of the Dungeon)
 10968 | D:11     | Noticed a seven-headed hydra
 10978 | D:11     | Killed a seven-headed hydra
 10978 | D:11     | Reached XP level 12. HP: 52/75 MP: 7/19
 11049 | D:11     | Found a portal to a secret trove of treasure.
 11170 | D:12     | Reached skill level 10 in Invocations
 11289 | D:12     | Found Homihed's Gadget Boutique.
 11289 | D:12     | Noticed Gastronok
 11303 | D:12     | Killed from afar by Gastronok

Skill      XL: |  1  2  3  4  5  6  7  8  9 10 11 12 |
---------------+-------------------------------------+-----
Shields        | 4 5 6 7 8 |  8.4
Dodging        | 1 2 3 4 5 |  5.8
Fighting       | 4 5 6 7 8 |  8.4
Armour         | 4 5 6 7 8 |  8.4
Maces & Flails | 3 4 6 7 8 9 |  9.9
Invocations    | 2 4 6 7 9 10 | 10.1

Action                   |  1- 3 |  4- 6 |  7- 9 | 10-12 || total
-------------------------+-------+-------+-------+-------++-------
Melee: Flail             |   267 |   224 |   436 |   557 ||  1484
Evoke: Wand              |       |       |       |     6 ||     6
  Use: Potion            |       |     3 |       |     3 ||     6
       Scroll            |       |       |       |    12 ||    12
 Stab: Invisible         |       |       |       |     2 ||     2
  Eat: Bread ration      |     1 |       |     1 |       ||     2
       Meat ration       |       |     1 |     1 |     3 ||     5
       Chunk             |       |       |     1 |    14 ||    15
Armor: Scale mail        |   203 |   111 |   253 |   254 ||   821
Dodge: Dodged            |   105 |    77 |   152 |   168 ||   502
       Deflected         |       |       |       |     5 ||     5
Block: Shield            |   171 |   115 |   321 |   583 ||  1190
